 Dungeon Crawl Stone Soup version 0.31-a0-654-gbe3e110b4e (webtiles) character file.

Game seed: 2617586657895211936

4 rjrrt the Trooper (level 1, -1/27 HPs)
             Began as a Demonspawn Berserker on Aug 30, 2023.
             Was a Follower of Trog.
             Slain by a kobold
             ... wielding a +0 whip
              (3 damage)
             ... on level 1 of the Dungeon.
             The game lasted 00:00:15 (47 turns).

rjrrt the Trooper (Demonspawn Berserker)              Turns: 47, Time: 00:00:16

Health: -1/27      AC:  2    Str: 17    XL:     1   Next: 58%
Magic:  1/1        EV: 12    Int:  8    God:    Trog [*.....]
Gold:   7          SH:  0    Dex: 18    Spells: 0/0 levels left

rFire   . . .        a - +0 hand axe
rCold   . . .        (no shield)
rNeg    . . .        b - +0 animal skin
rPois   .            (no helmet)
rElec   .            (no cloak)
rCorr   .            (no gloves)
SInv    .            (no boots)
Will    .....        (no amulet) Stlth
                     c - +6 ring of dexterity
HPRegen 0.24/turn    (no ring)
MPRegen 0.07/turn

%: no passive effects
@: berserking, very quick
A: no striking features
a: Renounce Religion, Berserk


You were on level 1 of the Dungeon.
You worshipped Trog.
Trog was aware of your devotion.
You visited 1 branch of the dungeon, and saw 1 of its levels.

You collected 7 gold pieces.

Inventory:

Hand Weapons
 a - a +0 hand axe (weapon)
Armour
 b - a +0 animal skin (worn)
Jewellery
 c - a +6 ring of dexterity (left hand)


   Skills:
 - Level 3.0 Fighting
 + Level 3.0 Axes
 - Level 1.7 Armour
 - Level 1.7 Dodging


You couldn't memorise any spells.
You didn't know any spells.
Your spell library was empty.

Dungeon Overview and Level Annotations

Branches:
Dungeon (1/15)

Altars:


Message History

You closely miss the bat.
The bat is severely wounded.
You hit the quokka. The bat hits you but does no damage. x2
The quokka barely misses you.
You hit the bat.
You kill the bat!
Trog accepts your kill.
You barely miss the hobgoblin. You miss the quokka.
The quokka barely misses you. The hobgoblin hits you. The quokka bites you.
You are too injured to fight recklessly!
Unknown command.
The quokka bites you.
* * * LOW HITPOINT WARNING * * *
A red film seems to cover your vision as you go berserk!
You feel yourself moving faster!
You feel mighty!
The ball python bites you but does no damage.
The ball python grabs you. The ball python constricts you.
The quokka closely misses you. The ball python barely misses you.
The ball python constricts you.
You closely miss the ball python. You hit the hobgoblin. You slash the quokka!
You kill the quokka!
Trog accepts your kill. The hobgoblin hits you.
* * * LOW HITPOINT WARNING * * *
The ball python bites you.
* * * LOW HITPOINT WARNING * * *
The ball python constricts you.
Your Axes skill increases to level 3!
You closely miss the ball python. You closely miss the kobold.
You closely miss the hobgoblin. The kobold closely misses you.
The hobgoblin closely misses you. The ball python bites you.
* * * LOW HITPOINT WARNING * * *
The ball python constricts you.
Unknown command.
You hit the ball python.
You kill the ball python!
Trog accepts your kill.
You closely miss the kobold. You hit the hobgoblin.
The kobold hits you with a +0 whip.
You die...

# #. .....
#.#..##..#.###
##$#..#.......$
......#.#:.....
......#........
...............
...............
......Krg##.#
......#@##..# .....
#.##.#
......#....#### #.#
#.....†...# .
#..###!##.#####.
#...# #.# ......
.....####.###....$..
..............# ..
......###...### #.


You could see a quokka, a hobgoblin and a kobold.

Vanquished Creatures
  A ball python (D:1)
  2 bats (D:1)
  A hobgoblin (D:1)
  A quokka (D:1)
5 creatures vanquished.

Notes
Turn   | Place    | Note
-------+----------+-------------------------------------------
     0 | D:1      | rjrrt the Demonspawn Berserker began the quest for the Orb.
     0 | D:1      | Reached XP level 1. HP: 18/18 MP: 1/1
    47 | D:1      | Slain by a kobold

Illustrated notes

Levels and vault maps discovered:
D:1:      tarquinn_simple_flora_water_c, layout_rooms

Skill      XL: |  1 |
---------------+----+-----
Axes           | 3 |  3.0
Fighting       | |  3.0
Armour         | |  1.7
Dodging        | |  1.7

Action                     || total
---------------------------++-------
  Melee: Hand axe          ||    11
 Invoke: Berserk           ||     1
 Armour: Animal skin       ||     4
  Dodge: Dodged            ||    14

Table legend: (Time is in decaauts)
 A = Elapsed time spent in this place.
 B = Non-inter-level travel time spent in this place.
 C = Inter-level travel time spent in this place.
 D = Time resting spent in this place.
 E = Time spent auto-exploring this place.
 F = Levels seen in this place.
 G = Mean time per level.
                   A        B        C        D        E       F      G
               +--------+--------+--------+--------+--------+-----+--------+
         Total |     47 |     47 |      0 |      0 |     18 |   1 |   47.0 |
       Dungeon |     47 |     47 |      0 |      0 |     18 |   1 |   47.0 |
               +--------+--------+--------+--------+--------+-----+--------+

Top non-repeatable levels by time:
     D:1: 47 daAuts
